 Dungeon Crawl Stone Soup version 0.31-a0-437-g7cee417757 (webtiles) character file.

Game seed: 7833698062766608314

623 Ethylacetat the Insei (level 7, -7/38 HPs)
             Began as a Vine Stalker Monk on Aug 2, 2023.
             Mangled by MrAu's ghost (13 damage)
             ... on level 4 of the Dungeon.
             The game lasted 00:11:51 (3626 turns).

Ethylacetat the Insei (Vine Stalker Monk)           Turns: 3626, Time: 00:11:51

Health: -7/38      AC:  5    Str: 14    XL:     7   Next: 46%
Magic:  0/8        EV: 12    Int: 10    God:
Gold:   161        SH:  0    Dex: 18    Spells: 4/6 levels left

rFire   + + .        a - +2 whip (venom)
rCold   + . .        b - orb {*Rage}
rNeg    . . .        t - +2 leather armour {rF+}
rPois   +            (helmet currently unavailable)
rElec   +            (cloak currently unavailable)
rCorr   +            (gloves currently unavailable)
SInv    .            (boots currently unavailable)
Will    .....        (no amulet)
Stlth   +            (no ring)
HPRegen 1.06/turn    (no ring)
MPRegen 0.11/turn

%: random rage (20%), guardian spirit
@: brilliant, beast-form, resistant, on berserk cooldown, slowed, very slow
A: beast (slay +3), fangs 2, regeneration 1, magic shield, antimagic bite, no
potion heal 2
a: Begin Untransformation


You were on level 4 of the Dungeon.
You were a hulking beast.
You visited 1 branch of the dungeon, and saw 4 of its levels.

You collected 231 gold pieces.
You spent 70 gold pieces at shops.

Inventory:

Hand Weapons
 a - a +2 whip of venom (weapon)
Missiles
 f - 6 atropa-tipped darts
 k - 4 poisoned darts (quivered)
Armour
 b - an orb of wrath (worn)
 c - an orb of light
 g - a +0 pair of boots
 t - a +2 leather armour of fire resistance (worn)
Talismans
 d - a beast talisman (active)
Scrolls
 e - a scroll of silence {unknown}
 h - a scroll of brand weapon {unknown}
 n - a scroll of blinking {unknown}
 o - 2 scrolls of identify {unknown}
 r - 2 scrolls of poison {unknown}
 s - 2 scrolls of vulnerability {unknown}
 u - a scroll of teleportation {unknown}
Potions
 m - 2 potions of attraction
 p - a potion of heal wounds


   Skills:
 + Level 4.4 Fighting
 - Level 2.4 Dodging
 + Level 4.8 Unarmed Combat
 * Level 4.4 Shapeshifting


You had 4 spell levels left.
You knew the following spells:

 Your Spells              Type           Power      Damage    Failure   Level
a - Blink                 Tloc           0%         N/A       58%         2

Your spell library contained the following spells:

 Spells                   Type           Power      Damage    Failure   Level
 Tukima's Dance           Hex            0%         N/A       82%         3
 Manifold Assault         Tloc           0%         N/A       99%         4
 Passage of Golubria      Tloc           0%         N/A       99%         4
 Yara's Violent Unravell  Hex/Tmut       0%         3d3       100%        5


Dungeon Overview and Level Annotations

Branches:
Dungeon (4/15)
 Temple: D:4-7

Altars:
Hepliaklqana
Sif Muna

Shops:
D:1 !

Annotations:
D:4 MrAu's ghost, novice FoFi


Innate Abilities, Weirdness & Mutations

You are a hulking beast.
Your limbs bulge with bestial killing power. (Slay +3)
You have extremely sharp teeth.
Your natural rate of healing is unusually fast.
When hurt, damage is shared between your health and your magic reserves.
Your bite disrupts and absorbs the magic of your enemies.
Potions cannot restore your health.


Message History

* * * LOW HITPOINT WARNING * * *
MrAu's ghost hits you but does no damage.
The orc hits you but does no damage.
The hobgoblin hits you but does no damage.
MrAu's ghost hits you but does no damage.
The orc hits you but does no damage.
You hit MrAu's ghost but do no damage.
MrAu's ghost is severely damaged.
The hobgoblin hits you but does no damage.
MrAu's ghost hits you but does no damage.
The orc hits you but does no damage.
You hit MrAu's ghost but do no damage.
MrAu's ghost is severely damaged.
The hobgoblin hits you.
* * * LOW HITPOINT WARNING * * *
MrAu's ghost completely misses you. The orc hits you but does no damage.
The hobgoblin hits you but does no damage.
MrAu's ghost hits you but does no damage.
The orc hits you but does no damage.
You hit MrAu's ghost.
MrAu's ghost is severely damaged.
You feel less wooden.
Your +2 leather armour of fire resistance unmelds from your body.
You feel resistant to fire.
You turn into a hulking beast.
The hobgoblin closely misses you. MrAu's ghost barely misses you.
The orc barely misses you. The hobgoblin closely misses you.
MrAu's ghost hits you!
* * * LOW HITPOINT WARNING * * *
The orc hits you but does no damage.
You hit MrAu's ghost but do no damage. You bite MrAu's ghost.
You drain its power.
You feel invigorated.
MrAu's ghost is almost destroyed.
The hobgoblin closely misses you. MrAu's ghost hits you.
* * * LOW HITPOINT WARNING * * *
The orc hits you but does no damage.
Unknown command.
You hit MrAu's ghost but do no damage.
MrAu's ghost is almost destroyed.
The hobgoblin closely misses you. MrAu's ghost hits you!
You die...

###.......#.......#..#.....
#.#.......#...))..#........
..........#..#.#..#....##..
...##.#...#.#...#.#.....##.
.####.#...#..#.#..#....#...
## #....).#.......#.......#
# ##.))).#....o..#.)....##
.# ##...).###''g###........
.#.............oh..........
.....##........W...........
..... #....................
.###. #....................
.. ......................
.......................
##......................
#.....................


You could see MrAu's ghost, 2 orcs and a hobgoblin.

Vanquished Creatures
  Sigmund (D:3)
  2 orc priests (D:4)
  Natasha (thrice) (D:3)
  An iguana (D:4)
  Terence (D:3)
  3 orc wizards
  Robin (D:4)
  10 adders
  3 worms (D:2)
  A dart slug (D:1)
  14 orcs
  5 endoplasms
  A giant cockroach (D:1)
  14 goblins
  6 hobgoblins
  4 jackals
  A quokka (D:2)
  7 ball pythons
  3 bats
  2 frilled lizards (D:1)
  8 kobolds
  4 rats
95 creatures vanquished.

Notes
Turn   | Place    | Note
-------+----------+-------------------------------------------
     0 | D:1      | Ethylacetat the Vine Stalker Monk began the quest for the
                  | Orb.
     0 | D:1      | Reached XP level 1. HP: 11/11 MP: 2/2
    45 | D:1      | Found Goum's Distillery.
    61 | D:1      | Bought a potion of degeneration for 10 gold pieces
   200 | D:1      | Reached XP level 2. HP: 16/16 MP: 3/3
   393 | D:1      | Reached skill level 1 in Shapeshifting
   644 | D:1      | Bought a potion of lignification for 30 gold pieces
   644 | D:1      | Bought a potion of attraction for 30 gold pieces
   759 | D:2      | Reached XP level 3. HP: 20/20 MP: 4/4
  1028 | D:2      | Gained mutation: Your natural rate of healing is unusually
                  | fast. [Vine Stalker growth]
  1028 | D:2      | Reached XP level 4. HP: 21/24 MP: 5/5
  1683 | D:3      | Learned a level 2 spell: Blink
  1778 | D:3      | Reached XP level 5. HP: 22/28 MP: 2/6
  1984 | D:3      | Noticed Sigmund
  1994 | D:3      | Killed Sigmund
  1995 | D:3      | Reached XP level 6. HP: 33/33 MP: 7/7
  2049 | D:3      | Found a shimmering blue altar of Sif Muna.
  2071 | D:3      | Noticed Terence
  2077 | D:3      | Killed Terence
  2391 | D:3      | Noticed Natasha
  2396 | D:3      | Killed Natasha
  3033 | D:3      | Noticed Natasha
  3043 | D:3      | Killed Natasha
  3285 | D:3      | Noticed Natasha
  3290 | D:3      | Killed Natasha
  3291 | D:3      | Reached XP level 7. HP: 37/37 MP: 8/8
  3448 | D:4      | Found a hazy altar of Hepliaklqana.
  3450 | D:4      | Noticed Robin
  3467 | D:4      | Killed Robin
  3505 | D:4      | Found a runed translucent gate.
  3505 | D:4      | Found a runed translucent gate.
  3505 | D:4      | Noticed MrAu's ghost (novice FoFi)
  3508 | D:4      | Found a runed translucent gate.
  3626 | D:4      | Mangled by MrAu's ghost

Illustrated notes

Levels and vault maps discovered:
D:1:      lemuel_arrival_lava_pool, layout_basic, serial_shops, shop,
          minmay_tall_x
D:2:      layout_loops_corners
D:3:      layout_loops_corners, led_sif_pool, ebering_dispersal_statue_hall,
          uniq_sigmund, uniq_natasha, uniq_terence
D:4:      layout_cave_pools, lemuel_tele_altar, gammafunk_ghost_split,
          uniq_robin

Skill      XL: |  1  2  3  4  5  6  7 |
---------------+----------------------+-----
Shapeshifting  | 1 2 3 4 |  4.4
Fighting       | 3 4 |  4.4
Unarmed Combat | 4 |  4.8
Dodging        | |  2.4

Action                     |  1- 3 |  4- 6 |  7- 9 || total
---------------------------+-------+-------+-------++-------
  Melee: Unarmed           |    60 |    80 |       ||   140
         Bite              |     4 |    24 |    15 ||    43
         Whip              |       |    22 |    94 ||   116
  Throw: Dart              |       |     2 |       ||     2
    Use: Potion            |       |       |     5 ||     5
   Stab: Sleeping          |     2 |     1 |       ||     3
 Armour: Robe              |     5 |     7 |       ||    12
         Leather armour    |       |     5 |    15 ||    20
         Skin              |       |       |    67 ||    67
  Dodge: Dodged            |    37 |    62 |    53 ||   152
   Form: Beast             |     1 |       |       ||     1

Table legend: (Time is in decaauts)
 A = Elapsed time spent in this place.
 B = Non-inter-level travel time spent in this place.
 C = Inter-level travel time spent in this place.
 D = Time resting spent in this place.
 E = Time spent auto-exploring this place.
 F = Levels seen in this place.
 G = Mean time per level.
                   A        B        C        D        E       F      G
               +--------+--------+--------+--------+--------+-----+--------+
         Total |   3833 |   3225 |    608 |     74 |   2287 |   4 |  958.2 |
       Dungeon |   3833 |   3225 |    608 |     74 |   2287 |   4 |  958.2 |
               +--------+--------+--------+--------+--------+-----+--------+

Top non-repeatable levels by time:
     D:3: 1694 daAuts
     D:2: 983 daAuts
     D:1: 797 daAuts
     D:4: 358 daAuts
